 Dungeon Crawl Stone Soup version 0.26.1-2-gb8aa6d0cf2 (webtiles) character file.

Game seed: 2570236198955308239

620 Gadfly the Skirmisher (level 7, 0/71 HPs)
             Began as an Ogre Monk on Feb 12, 2021.
             Slain by an ice beast (6 damage)
             ... on level 5 of the Dungeon.
             The game lasted 00:07:50 (6918 turns).

Gadfly the Skirmisher (Ogre Monk)                   Turns: 6918, Time: 00:07:51

Health: 0/71       AC:  4    Str: 18    XL:     7   Next: 46%
Magic:  0/9        EV: 10    Int:  7    God:
Gold:   169        SH:  0    Dex: 11    Spells: 6/6 levels left

rFire    . . .     SeeInvis .   b - +1 war axe (elec)
rCold    . . .     Faith    .   (no shield)
rNeg     . . .     Spirit   +   p - +1 robe
rPois    +         Reflect  .   (helmet restricted)
rElec    .         Harm     .   k - scarf {repulsion}
rCorr    .         Rampage  .   (gloves unavailable)
Will     .....                  (boots unavailable)
Stlth    ++........             j - amulet of guardian spirit
HPRegen  0.21/turn              q - ring of poison resistance
MPRegen  0.11/turn              o - -4 ring of intelligence (curse)

@: repel missiles
A: large, unfitting armour, tough skin 1
a: no special abilities


You were on level 5 of the Dungeon.
You visited 2 branches of the dungeon, and saw 6 of its levels.

You collected 169 gold pieces.

Inventory:

Hand Weapons
 a - a +0 morningstar
 b - a +1 war axe of electrocution (weapon)
Missiles
 c - 3 boomerangs
 h - 198 stones (quivered)
 n - 2 throwing nets
Armour
 k - a scarf of repulsion (worn)
 p - a +1 robe (worn)
Jewellery
 d - an uncursed ring of positive energy
 j - an amulet of guardian spirit (around neck)
 o - a cursed -4 ring of intelligence (right hand)
 q - a ring of poison resistance (left hand)
Potions
 e - 2 potions of might
 g - 4 potions of resistance
 i - a potion of attraction
 l - 2 potions of flight


   Skills:
 + Level 4.3 Fighting
 * Level 3.7 Maces & Flails
 * Level 3.3 Throwing
 * Level 2.6 Armour
 - Level 2.6 Dodging
 - Level 1.4 Stealth
 + Level 3.5 Invocations
 * Level 2.7 Evocations


You had 6 spell levels left.
You didn't know any spells.
Your spell library was empty.

Dungeon Overview and Level Annotations

Branches:
Dungeon (5/15)             Temple (1/1) D:4

Altars:
Ashenzari
Dithmenos
Elyvilon
Gozag
Hepliaklqana
Kikubaaqudgha
Nemelex Xobeh
Ru
Sif Muna
Uskayaw
Wu Jian
Zin

Annotations:
D:3 3 runed translucent doors, KittyFluff's ghost, amateur GrBe


Innate Abilities, Weirdness & Mutations

You are too large for most types of armour.
You have tough skin. (AC +1)


Message History

You hit the worm.
The worm is lightly wounded.
The worm closely misses you.
You slash the worm! Lightning courses through the worm!
You kill the worm!
You start resting.
A bullfrog skeleton is nearby!
A bullfrog skeleton is nearby!
A bullfrog skeleton is nearby!
An ice beast comes into view.
You hit the ice beast but do no damage. The ice beast hits you.
* * * LOW HITPOINT WARNING * * *
The ice beast freezes you.
* * * LOW HITPOINT WARNING * * *
You hit the ice beast.
The ice beast is lightly wounded.
The ice beast hits you.
* * * LOW HITPOINT WARNING * * *
The ice beast freezes you!
You die...

#!#..z#[#.....#......#.#.#
.#...#...#.Zr..........#.#
.......zB.s..##.##.#...#.#
...#...#..w..##)##.#.....#
#...#)#....##.##.#....##
#...#...#...##.##.#....#
.............##.##.#....#
.............##.##.#....#
#######.####.##@##.#....#
.. ..##Y##.#....#
#.##.#....# #.# #....# #.#
#....# #.# #....# #.#
#....# #.# #....# ##.#.#


You could see an ice beast.

Vanquished Creatures
  A bullfrog (D:4)
  2 scorpions
  A wight (D:5)
  A howler monkey (D:4)
  An orc priest (D:3)
  2 orc wizards
  5 worker ants
  Robin (D:3)
  4 adders
  4 gnolls
  An ufetubus (D:5)
  4 worms
  2 dart slugs (D:3)
  3 leopard geckos
  5 orcs
  6 giant cockroaches
  14 goblins
  3 hobgoblins
  4 kobolds
  A quokka (D:5)
  5 bats
  3 frilled lizards
  A leopard gecko skeleton (D:4)
  6 rats
80 creatures vanquished.

Notes
Turn   | Place    | Note
-------+----------+-------------------------------------------
     0 | D:1      | Gadfly the Ogre Monk began the quest for the Orb.
     0 | D:1      | Reached XP level 1. HP: 24/24 MP: 1/1
   253 | D:1      | Reached XP level 2. HP: 32/32 MP: 2/2
   515 | D:1      | Reached skill level 1 in Invocations
  1186 | D:2      | You fall into a shaft and drop 1 floor!
  1225 | D:3      | Reached skill level 1 in Throwing
  1225 | D:3      | Reached XP level 3. HP: 37/39 MP: 3/3
  1943 | D:2      | Reached skill level 1 in Armour
  1943 | D:2      | Reached skill level 1 in Evocations
  2358 | D:2      | Reached XP level 4. HP: 23/48 MP: 2/5
  2823 | D:3      | Noticed an orc warrior
  2823 | D:3      | Noticed Robin
  3124 | D:2      | HP: 3/72 [goblin/+0 club[Robin] (3)]
  3428 | D:3      | Killed Robin
  3448 | D:3      | Noticed KittyFluff's ghost (amateur GrBe)
  3464 | D:3      | Found a runed translucent gate.
  3465 | D:3      | Found a runed translucent gate.
  3465 | D:3      | Found a runed translucent gate.
  4294 | D:2      | Reached XP level 5. HP: 32/54 MP: 6/6
  4806 | D:4      | Found a staircase to the Ecumenical Temple.
  4822 | Temple   | Entered the Ecumenical Temple
  5050 | D:4      | Reached XP level 6. HP: 38/62 MP: 5/8
  5154 | D:4      | HP: 4/93 [poisoned by a worker ant]
  5162 | D:4      | HP: 3/93 [poisoned by a worker ant]
  5172 | D:4      | HP: 3/93 [poisoned by a worker ant]
  5178 | D:4      | HP: 3/93 [poisoned by a worker ant]
  5184 | D:4      | HP: 3/93 [poisoned by a worker ant]
  6171 | D:4      | Reached XP level 7. HP: 39/70 MP: 6/9
  6691 | D:5      | Entered Level 5 of the Dungeon
  6918 | D:5      | Slain by an ice beast

Illustrated notes

Levels and vault maps discovered:
D:1:      saegor_arrival_simple_c, layout_loops_cross, minmay_pentomino_q4
D:2:      layout_loops_ring, serial_rivers, chequers_serial_rivers_micro_b,
          chequers_serial_rivers_small_a, chequers_serial_rivers_marsh,
          chequers_serial_rivers_micro_d, chequers_serial_rivers_room_a
D:3:      layout_loops_ring, gammafunk_ghost_split, uniq_robin
D:4:      layout_loops_ring, minmay_temple_entry_junction,
          eino_small_chamber_without_monster
D:5:      cheibrodos_fzero, layout_basic, serial_shops,
          nicolae_shop_behind_doors, kennysheep_diamond, uniq_eustachio,
          uniq_pikel
Temple:   minmay_temple_bridge_abc

Skill      XL: |  1  2  3  4  5  6 |
---------------+-------------------+-----
Invocations    | 1 2 3 |  3.5
Throwing       | 1 2 3 |  3.3
Armour         | 1 2 |  2.6
Evocations     | 1 2 |  2.7
Maces & Flails | 3 |  3.7
Fighting       | |  4.3
Dodging        | |  2.6
Stealth        | |  1.4

Action                   |  1- 3 |  4- 6 |  7- 9 || total
-------------------------+-------+-------+-------++-------
Melee: Mace              |   108 |   130 |       ||   238
       Morningstar       |       |    66 |       ||    66
       War axe           |       |       |    48 ||    48
Throw: Stone             |     3 |     6 |       ||     9
  Use: Scroll            |     6 |     7 |     1 ||    14
       Potion            |       |     3 |     1 ||     4
 Stab: Sleeping          |       |     3 |       ||     3
Armor: Robe              |    30 |    41 |     8 ||    79
       Skin              |       |     3 |       ||     3
Dodge: Dodged            |    83 |   105 |    34 ||   222
       Repelled          |       |     2 |       ||     2
